 Dungeon Crawl Stone Soup version 0.28.0-53-g5a82cb258f (webtiles) character file.

Game seed: 2254112639596868220

8386 Pepete the Protected (level 11, 0/85 HPs)
             Began as a Minotaur Fighter on Mar 31, 2022.
             Was an Initiate of Gozag.
             Slain by a skeletal warrior
             ... wielding a +0 mace
             ... led by a death knight
              (11 damage)
             ... on level 9 of the Dungeon on Sept 22, 2022.
             The game lasted 00:25:22 (15639 turns).

Pepete the Protected (Minotaur Fighter)            Turns: 15639, Time: 00:25:24

Health: 0/85       AC: 22    Str: 29    XL:     11   Next: 9%
Magic:  3/3        EV:  8    Int:  5    God:    Gozag
Gold:   499        SH: 11    Dex: 10    Spells: 10/10 levels left

rFire   + . .      SeeInvis .   k - +5 rapier "Judi" {antimagic, *Noise rF+ rN+ Str+4}
rCold   . . .      Faith    .   c - +0 buckler
rNeg    + . .      Spirit   .   p - +0 plate armour
rPois   .          Reflect  +   (helmet restricted)
rElec   .          Harm     .   o - +0 cloak
rCorr   .          Rampage  .   (no gloves)
Will    +....                   (no boots)
Stlth   ..........              w - amulet of reflection
HPRegen 0.24/turn               n - +4 ring of protection
MPRegen 0.08/turn               f - ring of willpower

@: unable to read
A: horns 2, retaliatory headbutt, hooves 1, iridescent scales 1, frail 1,
inability to read while threatened
a: Renounce Religion, Potion Petition, Call Merchant, Bribe Branch


You were on level 9 of the Dungeon.
You worshipped Gozag.
Gozag was aware of your devotion.
You visited 2 branches of the dungeon, and saw 11 of its levels.
You also visited: Bailey.

You collected 930 gold pieces.
You spent 370 gold pieces at shops.
You paid 61 gold pieces to Gozag.

Inventory:

Hand Weapons
 a - a +1 war axe
 k - the +5 rapier "Judi" (weapon) {antimagic, *Noise rF+ rN+ Str+4}
   (You bought it in a shop on level 9 of the Dungeon)

   It reduces the magical energy of the wielder, and disrupts the spells and
   magical abilities of those it strikes.
   Natural abilities and divine invocations are not affected.
   Str:       It affects your strength (+4).
   rF:        It protects you from fire.
   rN:        It protects you from negative energy.
   *Noise:    It may make noises in combat.
 v - the +1 long sword "Yvyrr" {protect, rC+ rCorr MP-9 Str+5}
   (You found it on level 5 of the Dungeon)

   It grants its wielder temporary protection when it strikes (+7 to AC).
   Str:       It affects your strength (+5).
   rC:        It protects you from cold.
   MP:        It affects your magic capacity (-9).
   rCorr:     It protects you from acid and corrosion.
Missiles
 G - 2 throwing nets (quivered)
Armour
 c - a +0 buckler (worn)
 m - a +0 cloak
 o - a +0 cloak (worn)
 p - a +0 plate armour (worn)
Jewellery
 b - a +4 ring of evasion
 f - a ring of willpower (right hand)
 n - a +4 ring of protection (left hand)
 w - an amulet of reflection (around neck)
 A - a +6 ring of intelligence
Wands
 q - a wand of flame (15)
 t - a wand of polymorph (13)
 B - a wand of paralysis (19)
Scrolls
 e - a scroll of fog
 g - 3 scrolls of identify
 h - a scroll of teleportation
 i - 5 scrolls of vulnerability
 l - 2 scrolls of enchant weapon
 z - a scroll of blinking
Potions
 j - a potion of cancellation


   Skills:
 * Level 8.8 Fighting
 + Level 3.5(6.1) Short Blades
 * Level 8.5(9.0) Long Blades
 - Level 8.5 Axes
 * Level 11.4 Armour
 + Level 1.6 Dodging
 + Level 2.0 Stealth
 * Level 9.3 Shields


You had 10 spell levels left.
You didn't know any spells.
Your spell library contained the following spells:

 Spells                   Type           Power      Damage    Failure   Level
 Magic Dart               Conj           0%         1d3       99%         1
 Slow                     Hex            0%         N/A       99%         1
 Call Imp                 Summ           0%         N/A       100%        2
 Confusing Touch          Hex            0%         N/A       100%        3
 Gell's Gravitas          Tloc           0%         N/A       100%        3
 Ignite Poison            Fire/Tmut/Pois 0%         N/A       100%        3
 Mephitic Cloud           Conj/Pois/Air  0%         N/A       100%        3
 Teleport Other           Tloc           0%         N/A       100%        3
 Vampiric Draining        Necr           0%         2d6       100%        3
 Freezing Cloud           Conj/Ice/Air   0%         6-21      100%        5
 Summon Forest            Summ/Tloc      0%         N/A       100%        5
 Dispersal                Tloc           0%         N/A       100%        6
 Eringya's Noxious Bog    Tmut/Pois      0%         N/A       100%        6
 Summon Hydra             Summ           0%         N/A       100%        7


Dungeon Overview and Level Annotations

Branches:
Dungeon (10/15)            Temple (1/1) D:4          Bailey (visited)
   Lair: D:8-11         Orc: D:9-12

Altars:
Ashenzari
Cheibriados
Dithmenos
Elyvilon
Fedhas
Gozag
Hepliaklqana
Kikubaaqudgha
Makhleb
Nemelex Xobeh
Okawaru
Qazlal
Ru
Sif Muna
Trog
Uskayaw
Vehumet
Xom
Yredelemnul
Zin
The Shining One

Shops:
D:1 ?   D:2 *   D:8 *!=   D:9 =(

Annotations:
D:3 2 transporters, 0gre's ghost, weakling GnIE
D:4 3 runed translucent doors, reversiblehash's ghost, amateur GnFi
D:9 Maurice


Innate Abilities, Weirdness & Mutations

You have a pair of horns on your head.
You reflexively headbutt those who attack you in melee.
You have large cloven feet.
You are partially covered in iridescent scales. (AC +2)
You are frail. (-10% HP)
You sometimes lose the ability to read scrolls when taking damage.


Message History

Your headbutt misses the skeletal warrior.
The skeletal warrior is almost destroyed.
The skeletal warrior hits you with a +0 mace.
* * * LOW HITPOINT WARNING * * *
You hit the skeletal warrior but do no damage.
You kick the skeletal warrior, but do no damage.
The skeletal warrior is almost destroyed.
You can read scrolls again.
You block the skeletal warrior's attack.
There is an open door here.
There is a stone staircase leading up here.
The skeletal warrior barely misses you.
You climb upwards.
Level annotation: Maurice
There is a stone staircase leading down here.
You are too injured to fight recklessly!
You are too injured to fight recklessly!
You puncture the skeletal warrior!
You kick the skeletal warrior, but do no damage.
The skeletal warrior is almost destroyed.
The skeletal warrior hits you with a +0 mace!
You feel threatened and lose the ability to read scrolls!
* * * LOW HITPOINT WARNING * * *
You barely miss the skeletal warrior.
The skeletal warrior is almost destroyed.
You block the skeletal warrior's attack.
You closely miss the skeletal warrior.
Your headbutt misses the skeletal warrior.
The skeletal warrior is almost destroyed.
You puncture the skeletal warrior!
You kick the skeletal warrior, but do no damage.
The skeletal warrior is almost destroyed.
You block the skeletal warrior's attack.
You hit the skeletal warrior but do no damage.
You kick the skeletal warrior, but do no damage.
You headbutt the skeletal warrior, but do no damage.
The skeletal warrior is almost destroyed.
The skeletal warrior hits you with a +0 mace!
You die...
Your body crumbles into a pile of gold.

.....#.# #...#.....#.<.##..#
.....'.# #...#.....#...##.#####
##+#.#.#####...#.....#.......#...
...###.........#....##........#..
.....).........'....#@...........
######.........#....#............
# #.........#....#.#####.#.... +
#.........#.z..#.# #.#.... #
#.........#@...#.# #.#.... #
#.........######.# +.#.... .
.................# #.#####
.................# #......
........######...# #......
........# #...# #...... ####....#
#...#####...... #....#
#.............. #....#
#.......)......


You could see a skeletal warrior.

Vanquished Creatures
  Harold (D:7)
  Erica (D:9)
  A two-headed ogre (D:10)
  Pikel (D:7)
  A cyclops (D:10)
  Joseph (D:9)
  Maggie (D:7)
  2 trolls (D:10)
  A hornet (D:7)
  Prince Ribbit (D:9)
  Grinder (D:3)
  A wraith (D:10)
  A yak (D:8)
  Eustachio (D:4)
  Sigmund (D:2)
  Grum (D:8)
  A vampire mosquito (D:9)
  Menkaure (D:4)
  A water moccasin (D:9)
  A sky beast (D:7)
  An orc warrior (D:10)
  2 black bears
  A necrophage (D:5)
  2 ogres
  A phantom (D:4)
  4 lemures (D:7)
  3 centaurs
  4 wolves
  A kobold brigand (D:9)
  3 scorpions
  3 killer bees (D:7)
  A water moccasin skeleton (D:5)
  11 wights
  3 howler monkeys
  A bullfrog zombie (D:5)
  2 centaur zombies (D:9)
  3 hounds
  A bullfrog skeleton (D:4)
  2 jellies
  A centaur skeleton (D:4)
  2 orc priests
  Crazy Yiuf (D:3)
  An iguana (D:5)
  Ijyb (D:3)
  Natasha (thrice) (D:3)
  2 orc wizards
  2 killer bee zombies
  2 hound skeletons
  2 hound zombies (D:5)
  2 howler monkey zombies
  Robin (D:3)
  4 gnolls (D:5)
  5 adders
  2 ufetubi (D:5)
  2 worms (D:2)
  4 dart slugs
  16 orcs
  A ball python (D:2)
  15 endoplasms
  2 giant cockroaches
  16 goblins
  8 hobgoblins
  4 jackals (D:4)
  4 bats (D:2)
  7 frilled lizards
  9 kobolds
  4 rats
193 creatures vanquished.

Vanquished Creatures (others)
  An orc wizard (D:10)
1 creature vanquished.

Grand Total: 194 creatures vanquished

Notes
Turn   | Place    | Note
-------+----------+-------------------------------------------
     0 | D:1      | Pepete the Minotaur Fighter began the quest for the Orb.
     0 | D:1      | Reached XP level 1. HP: 19/19 MP: 0/0
   319 | D:1      | Reached XP level 2. HP: 27/27 MP: 1/1
   654 | D:1      | Reached skill level 4 in Armour
   712 | D:1      | Found Awnipeim's Magic Scroll Emporium.
   996 | D:2      | Reached XP level 3. HP: 14/33 MP: 2/2
  1399 | D:2      | Gained mutation: You are partially covered in iridescent
                  | scales. (AC +2) [potion of mutation]
  1399 | D:2      | Gained mutation: You sometimes lose the ability to read
                  | scrolls when taking damage. [potion of mutation]
  1399 | D:2      | Gained mutation: You are frail. (-10% HP) [potion of
                  | mutation]
  1399 | D:2      | Gained mutation: You have large cloven feet. [potion of
                  | mutation]
  1530 | D:2      | Reached XP level 4. HP: 36/36 MP: 3/3
  1621 | D:2      | Found Tadidd's General Store.
  1642 | D:2      | Noticed Sigmund
  1647 | D:2      | Killed Sigmund
  1648 | D:2      | Reached skill level 5 in Axes
  1648 | D:2      | Reached skill level 5 in Armour
  1648 | D:2      | Reached XP level 5. HP: 42/42 MP: 4/4
  1910 | D:3      | Noticed Natasha
  1919 | D:3      | Killed Natasha
  2229 | D:3      | Reached XP level 6. HP: 47/47 MP: 5/5
  2266 | D:3      | Noticed Robin
  2288 | D:3      | Killed Robin
  2411 | D:3      | Found a runed translucent door.
  2412 | D:3      | Noticed Crazy Yiuf
  2444 | D:3      | Found a transporter.
  2460 | D:3      | Noticed Natasha
  2473 | D:3      | Killed Natasha
  2502 | D:3      | Killed Crazy Yiuf
  2503 | D:3      | Reached skill level 1 in Dodging
  3016 | D:3      | Noticed Natasha
  3018 | D:3      | Killed Natasha
  3019 | D:3      | Reached skill level 5 in Fighting
  3249 | D:3      | Noticed Grinder
  3260 | D:3      | Killed Grinder
  3261 | D:3      | Reached XP level 7. HP: 40/54 MP: 6/6
  3341 | D:3      | Noticed 0gre's ghost (weakling GnIE)
  3354 | D:3      | Noticed Ijyb
  3363 | D:3      | Killed Ijyb
  3488 | D:3      | Found a transporter.
  3918 | D:4      | Noticed Menkaure
  3925 | D:4      | Killed Menkaure
  3926 | D:4      | Reached skill level 5 in Shields
  4104 | D:4      | Reached skill level 6 in Armour
  4150 | D:4      | Found a runed translucent gate.
  4151 | D:4      | Found a runed translucent gate.
  4152 | D:4      | Found a runed translucent gate.
  4153 | D:4      | Noticed reversiblehash's ghost (amateur GnFi)
  4375 | D:4      | Reached skill level 1 in Stealth
  4391 | D:4      | Found a staircase to the Ecumenical Temple.
  4642 | D:4      | Noticed Eustachio
  4674 | D:4      | Killed Eustachio
  4675 | D:4      | Reached XP level 8. HP: 37/63 MP: 7/7
  5342 | D:5      | Entered Level 5 of the Dungeon
  5895 | D:5      | Identified the +1 long sword "Yvyrr" {protect, rC+ rCorr
                  | MP-9 Str+5}
  6311 | D:5      | Reached skill level 7 in Armour
  6682 | D:5      | Reached skill level 1 in Long Blades
  7091 | D:6      | Found a bloodstained altar of Trog.
  7093 | D:6      | Found a glowing silver altar of Zin.
  7095 | D:6      | Found a white marble altar of Elyvilon.
  7226 | Temple   | Entered the Ecumenical Temple
  7346 | Temple   | Became a worshipper of Gozag Ym Sagoz the Greedy
  7658 | D:6      | Reached XP level 9. HP: 70/70 MP: 0/8
  8653 | D:7      | Noticed Pikel
  8672 | D:7      | Killed Pikel
  8673 | D:7      | Reached skill level 5 in Long Blades
  8673 | D:7      | Reached skill level 8 in Armour
  8848 | D:7      | Noticed Harold
  8861 | D:7      | Killed Harold
  9166 | D:7      | Noticed Maggie
  9178 | D:7      | Killed Maggie
  9179 | D:7      | Reached skill level 9 in Armour
  9644 | D:7      | Identified the +1 leather armour of Tasmeng {Str+2}
  9978 | D:7      | Upgraded the game from 0.28.0-43-g3370ac3207 to
                  | 0.28.0-45-g0d030f2227
 10805 | D:8      | Reached XP level 10. HP: 77/77 MP: 0/9
 10886 | D:8      | Noticed Grum
 10901 | D:8      | Paralysed by a hornet for 3 turns
 11710 | D:8      | Found Byrr's Distillery.
 11719 | D:8      | Bought a potion of mutation for 88 gold pieces
 11785 | D:7      | Upgraded the game from 0.28.0-45-g0d030f2227 to
                  | 0.28.0-53-g5a82cb258f
 12183 | D:8      | Killed Grum
 12184 | D:8      | Reached skill level 10 in Armour
 12233 | D:8      | Bought 2 potions of curing for 66 gold pieces
 12362 | D:8      | Found Reution's Jewellery Shoppe.
 12528 | D:8      | Found Doal's General Store.
 12897 | D:9      | Found Mied's Antique Weapon Boutique.
 12904 | D:9      | Bought a smoking rapier for 216 gold pieces
 12904 | D:9      | Identified the +5 rapier "Judi" {antimagic, *Noise rF+ rN+
                  | Str+4} (You bought it in a shop on level 9 of the Dungeon)
 12959 | D:9      | Noticed Prince Ribbit
 12967 | D:9      | Killed Prince Ribbit
 12992 | D:9      | Found a flagged portal.
 12994 | D:9      | Noticed Erica
 12995 | D:9      | Paralysed by Erica for 3 turns
 13009 | D:9      | Killed Erica
 13019 | Bailey   | Entered a bailey
 13035 | Bailey   | Reached skill level 1 in Short Blades
 13488 | D:9      | Found Qealaast's Jewellery Shoppe.
 13609 | D:9      | Noticed Joseph
 13625 | D:9      | Killed Joseph
 13759 | D:9      | Reached skill level 11 in Armour
 13766 | D:9      | Noticed a death knight
 13771 | D:9      | Noticed Maurice
 14804 | D:10     | Entered Level 10 of the Dungeon
 14804 | D:10     | Noticed a two-headed ogre
 14809 | D:10     | Noticed a cyclops
 14813 | D:10     | Killed a two-headed ogre
 14817 | D:10     | Killed a cyclops
 14961 | D:10     | Reached XP level 11. HP: 82/85 MP: 3/10
 15563 | D:10     | Noticed a skeletal warrior
 15592 | D:10     | Noticed a death knight
 15639 | D:9      | Slain by a skeletal warrior

Illustrated notes

Levels and vault maps discovered:
D:1:      onia_arrival_mini_spirals, layout_basic, serial_shops, shop
D:2:      layout_loops_ring, serial_shops, shop, uniq_sigmund
D:3:      layout_loops_ring, gammafunk_ghost_arena, chequers_avenue,
          chequers_serial_rivers_small_b, minmay_misc_feat_columns,
          uniq_grinder, uniq_ijyb, uniq_natasha, uniq_crazy_yiuf_cottage,
          uniq_robin
D:4:      layout_loops_corners, minmay_temple_entry_overgrown,
          gammafunk_ghost_nasty_kobolds, uniq_eustachio, uniq_menkaure
D:5:      layout_gridville, grunt_ministairs_10, minmay_misc_feat_iff,
          kennysheep_opposing_triangles
D:6:      layout_loops_cross, grunt_temple_overflow_open,
          hellmonk_bongcloud_opening
D:7:      layout_cave_pods, uniq_pikel, uniq_maggie, uniq_harold
D:8:      layout_cave_pods, serial_shops,
          nicolae_shop_temple_entry_statues_fountains, shop, shop,
          nicolae_underground_beach, uniq_grum
D:9:      layout_irregular_city, nzn_wu_jian_council_hall, serial_shops,
          nicolae_diamond_shop, shop, nicolae_shop_advertising_works
          [nicolae_subvault_shop_adworks], enter_bailey_2, kennysheep_doodads,
          serial_park_tiny_1, kb_rosetta, uniq_maurice, uniq_joseph, uniq_erica,
          uniq_prince_ribbit1
D:10:     layout_stronghold, david_lair_generic, erik_orc_2, serial_shops,
          nicolae_shop_trees, corexii_checkpoint_a
Temple:   mainiacjoe_temple_coin_purse

Skill      XL: |  1  2  3  4  5  6  7  8  9 10 |
---------------+-------------------------------+-----
Fighting       | 4 5 6 7 8 |  8.8
Armour         | 4 5 6 7 9 11 | 11.4
Shields        | 4 5 6 7 9 |  9.3
Axes           | 3 5 6 7 8 |  8.5
Dodging        | 1 |  1.6
Stealth        | 1 2 |  2.0
Long Blades    | 4 7 8 |  8.5
Short Blades   | 3 |  3.5

Action                   |  1- 3 |  4- 6 |  7- 9 | 10-12 || total
-------------------------+-------+-------+-------+-------++-------
Melee: War axe           |    73 |    76 |   105 |       ||   254
       Headbutt          |    14 |     9 |    51 |    32 ||   106
       Kick              |     1 |    17 |    85 |    54 ||   157
       Long sword        |       |       |   181 |    58 ||   239
       Rapier            |       |       |       |   140 ||   140
  Use: Potion            |     3 |     1 |     3 |    19 ||    26
       Scroll            |       |       |    11 |       ||    11
 Stab: Distracted        |       |       |       |     1 ||     1
Armor: Scale mail        |    23 |    29 |       |       ||    52
       Plate armour      |       |       |   260 |   134 ||   394
Dodge: Dodged            |    30 |    36 |    89 |    90 ||   245
Block: Buckler           |    16 |    10 |    78 |   146 ||   250
       Reflection        |       |       |       |     8 ||     8
